 Dungeon Crawl Stone Soup version 0.19.0-19-g8c6edcc (webtiles) character file.

1260 Chiseanne the Covered (level 8, -2/59 (62) HPs)
             Began as a Demonspawn Wanderer on Nov 14, 2016.
             Slain by a centaur (5 damage)
             ... on level 7 of the Dungeon.
             The game lasted 00:10:49 (5767 turns).

Chiseanne the Covered (Demonspawn Wanderer)         Turns: 5767, Time: 00:10:50

HP:   -2/59 (62)    AC:  5    Str: 14    XL:     8   Next: 27%
MP:   8/8           EV: 10    Int: 15    God:
Gold: 206           SH: 13    Dex: 14    Spells: 0 memorised, 7 levels left

rFire  . . .     SeeInvis .     a - +1 war axe
rCold  . . .     Gourm    .     v - +2 robe "Eghugh" {Slay+3}
rNeg   . . .     Faith    .     b - +0 large shield
rPois  .         Spirit   .     (helmet restricted)
rElec  .         Reflect  .     (no cloak)
rCorr  .         Harm     .     h - +0 pair of gloves
MR     .....     Rnd*Rage +     (no boots)
Stlth  +.........               m - amulet of rage
                                (no ring)
                                (no ring)

@: non-regenerating, diseased
A: antennae 1, berserk 1, demonic guardian 1, strong 1, wild magic 1, sturdy
frame 3
a: Evoke Berserk Rage


You were on level 7 of the Dungeon.
You were not hungry.

You visited 1 branch of the dungeon, and saw 9 of its levels.

You collected 242 gold pieces.
You spent 36 gold pieces at shops.

Inventory:

Hand Weapons
 a - a +1 war axe (weapon)
Missiles
 c - 2 throwing nets {!*}
 i - 84 stones (quivered)
 j - 10 poisoned needles
 r - 157 arrows
 y - 35 sling bullets
Armour
 b - a +0 large shield (worn)
 e - a +2 ring mail of poison resistance
 h - a +0 pair of gloves (worn)
 v - the +2 robe "Eghugh" (worn) {Slay+3}
   (You found it on level 4 of the Dungeon)

   It affects your accuracy and damage with ranged weapons and melee attacks
   (+3).
Jewellery
 m - an amulet of rage (around neck)
 u - an uncursed ring of fire
Scrolls
 k - a scroll of teleportation
 l - a scroll of recharging
 C - a scroll of remove curse
Potions
 n - 2 potions of flight
 s - 3 potions of curing
 w - a potion of heal wounds
Comestibles
 d - 5 bread rations
 f - a meat ration
 g - 2 chunks of flesh
 z - 3 beef jerkies


   Skills:
 * Level 5.1 Fighting
 * Level 2.3(2.6) Axes
   Level 1.7(2.3) Maces & Flails
 - Level 5.9 Armour
 * Level 4.1 Dodging
 * Level 4.7 Shields


You had 7 spell levels left.
You didn't know any spells.

Dungeon Overview and Level Annotations

Branches:
Dungeon (9/15)
 Temple: D:4-7         Lair: D:8-11         Orc: D:9-12

Altars:
Trog
The Shining One

Shops:
D:4 (


Innate Abilities, Weirdness & Mutations

You have a pair of small antennae on your head.
A weak demonic guardian rushes to your aid.
Your movements are significantly less encumbered by armour. (ER -6)
You tend to lose your temper in combat.
Your muscles are strong. (Str +2)
Your spells are a little harder to cast, but a little more powerful.


Message History

* * * LOW HITPOINT WARNING * * *
The centaur hits you.
* * * LOW HITPOINT WARNING * * *
You hit the centaur but do no damage.
The centaur is heavily wounded.
The centaur hits you.
* * * LOW HITPOINT WARNING * * *
The gnoll barely misses you. The centaur barely misses you.
You hit the centaur.
The centaur is severely wounded.
You block the centaur's attack. You block the gnoll's attack.
The centaur closely misses you.
You hit the centaur but do no damage.
The centaur is severely wounded.
You hear the faint creaking of a distant portcullis.
You block the centaur's attack.
The gnoll hits you from afar with a halberd!
* * * LOW HITPOINT WARNING * * *
The centaur hits you.
You die...

#...............
###.##..#..###...#
....##.....# ...
##....(...### ..
#####.....(.....##.
.
#...#....ggZ.......
#.......gczZ...###..
#......##c###### #
#......##@#
#.....###5# ##...###
#5# . #....# ###.##
##..
+....###....#.....
###...##.......#
#.#.##..>...##
#.........###
#.....8....#


You could see 2 centaurs, a wight, 3 gnolls, a hound zombie, a friendly quasit
and a friendly ufetubus.

Vanquished Creatures
  A wyvern (D:9)
  An ice beast (D:5)
  A necrophage (D:7)
  2 centaurs
  A hound (D:7)
  Natasha (twice) (D:2)
  A centaur skeleton (D:4)
  2 orc wizards
  3 worker ants (D:5)
  Robin (D:2)
  A mummy (D:7)
  A worker ant zombie (D:5)
  7 adders
  A shadow imp (D:3)
  An adder skeleton (D:4)
  2 worms
  4 dart slugs
  4 leopard geckos
  10 orcs
  6 bats
  8 giant cockroaches
  20 goblins
  9 hobgoblins
  6 jackals
  2 quokkas
  2 ball pythons (D:3)
  3 frilled lizards
  4 kobolds
  A quokka zombie (D:5)
  8 rats
115 creatures vanquished.

Vanquished Creatures (collateral kills)
  Sigmund (D:2)
  A necrophage (D:7)
  An ogre (D:3)
  2 centaurs (D:5)
  Natasha (D:2)
  A worker ant (D:5)
  A shadow imp (D:7)
  An adder zombie (D:5)
9 creatures vanquished.

Vanquished Creatures (others)
  A leopard gecko (D:7)
1 creature vanquished.

Grand Total: 125 creatures vanquished

Notes
Turn   | Place    | Note
-------+----------+-------------------------------------------
     0 | D:1      | Chiseanne the Demonspawn Wanderer began the quest for the Orb.
     0 | D:1      | Chiseanne set off with: a +0 shield, a +0 mace, a +0 ring mail, a bread ration
     0 | D:1      | Reached XP level 1. HP: 15/15 MP: 1/1
   134 | D:1      | Gained mutation: A weak demonic guardian rushes to your aid. [demonic ancestry]
   134 | D:1      | Reached XP level 2. HP: 21/21 MP: 2/2
   873 | D:1      | Reached skill level 1 in Dodging
   994 | D:2      | Noticed Robin
  1005 | D:2      | Gained mutation: Your movements are slightly less encumbered by armour. (ER -2) [demonic ancestry]
  1005 | D:2      | Reached XP level 3. HP: 5/27 MP: 3/3
  1275 | D:2      | Killed Robin
  1452 | D:2      | Noticed Natasha
  1457 | D:2      | Killed Natasha
  1457 | D:2      | Reached XP level 4. HP: 33/33 MP: 4/4
  1467 | D:2      | Noticed Natasha
  1477 | D:2      | Killed Natasha
  1607 | D:2      | Noticed Sigmund
  1618 | D:2      | Killed Sigmund
  1618 | D:2      | Reached skill level 5 in Armour
  1618 | D:2      | Reached XP level 5. HP: 34/41 MP: 5/5
  2012 | D:2      | Noticed Natasha
  2020 | D:2      | Killed Natasha
  2020 | D:2      | Gained mutation: Your movements are less encumbered by armour. (ER -4) [demonic ancestry]
  2020 | D:2      | Reached XP level 6. HP: 38/47 MP: 6/6
  2836 | D:3      | Found a bloodstained altar of Trog.
  3522 | D:4      | Found Wyxto's Weapon Shoppe.
  3550 | D:4      | Bought a throwing net for 36 gold pieces
  4032 | D:4      | Got a bloodstained robe
  4036 | D:5      | Entered Level 5 of the Dungeon
  4037 | D:5      | Found a glowing golden altar of the Shining One.
  4045 | D:5      | Noticed an ice beast
  4079 | D:5      | Killed an ice beast
  4079 | D:5      | Gained mutation: You have a pair of small antennae on your head. [demonic ancestry]
  4079 | D:5      | Reached XP level 7. HP: 23/54 MP: 7/7
  4416 | D:5      | Identified the +2 robe "Eghugh" {Slay+3} (You found it on level 4 of the Dungeon)
  5230 | D:5      | Reached skill level 1 in Axes
  5459 | D:6      | You fall through a shaft for 3 floors!
  5466 | D:9      | Gained mutation: Your muscles are strong. (Str +2) [potion of mutation]
  5466 | D:9      | Gained mutation: You tend to lose your temper in combat. [potion of mutation]
  5466 | D:9      | Gained mutation: Your spells are a little harder to cast, but a little more powerful. [potion of mutation]
  5476 | D:9      | Noticed a wyvern
  5490 | D:9      | Killed a wyvern
  5490 | D:9      | Reached skill level 5 in Fighting
  5490 | D:9      | Gained mutation: Your movements are significantly less encumbered by armour. (ER -6) [demonic ancestry]
  5490 | D:9      | Reached XP level 8. HP: 22/62 MP: 8/8
  5767 | D:7      | Slain by a centaur

Skill      XL: |  1  2  3  4  5  6  7  8 |
---------------+-------------------------+-----
Shields        | 2 3 4 |  4.7
Dodging        | 1 2 3 4 |  4.1
Fighting       | 2 3 4 5 |  5.1
Armour         | 5 |  5.9
Axes           | 1 2 |  2.3
Maces & Flails | |  1.7

Action                   |  1- 3 |  4- 6 |  7- 9 || total
-------------------------+-------+-------+-------++-------
Melee: Hand axe          |   131 |   138 |       ||   269
       War axe           |       |   142 |   100 ||   242
  Use: Scroll            |     2 |     5 |     5 ||    12
       Potion            |       |     2 |     9 ||    11
 Stab: Distracted        |       |     1 |     1 ||     2
       Invisible         |       |       |     2 ||     2
       Sleeping          |       |       |     1 ||     1
  Eat: Chunk             |     2 |     9 |     6 ||    17
Armor: Ring mail         |    61 |   119 |     8 ||   188
       Robe              |       |       |    13 ||    13
Dodge: Dodged            |    38 |    89 |    40 ||   167
Block: Large shield      |    89 |   202 |    95 ||   386
       Shield            |     3 |       |       ||     3
